 Dungeon Crawl Stone Soup version 0.20-a0-640-g62ed22f (webtiles) character file.

100 slumpy the Shield-Bearer (level 5, -2/42 HPs)
             Began as a Formicid Fighter on Feb 12, 2017.
             Slain by a gnoll
             ... wielding a +1 vampiric whip
              (9 damage)
             ... on level 2 of the Dungeon.
             The game lasted 00:03:01 (1571 turns).

slumpy the Shield-Bearer (Formicid Fighter)         Turns: 1571, Time: 00:03:02

Health: -2/42      AC:  6    Str: 21    XL:     5   Next: 3%
Magic:  0/5        EV:  6    Int:  7    God:
Gold:   81         SH: 14    Dex: 11    Spells: 4/4 levels left

rFire    . . .     SeeInvis +   a - +0 war axe
rCold    . . .     Gourm    .   b - +0 scale mail
rNeg     . . .     Faith    .   k - +0 large shield
rPois    .         Spirit   +   (helmet unavailable)
rElec    .         Reflect  .   (no cloak)
rCorr    .         Harm     .   (no gloves)
MR       .....                  (no boots)
Stlth    ..........             j - amulet of guardian spirit
Regen    0.2/turn               (no ring)
MPRegen  0.1/turn               (no ring)

@: no status effects
A: permanent stasis, dig shafts and tunnels, four strong arms, antennae 3
a: Dig, Shaft Self


You were on level 2 of the Dungeon.
You were very hungry.

You visited 1 branch of the dungeon, and saw 2 of its levels.

You collected 81 gold pieces.

Inventory:

Hand Weapons
 a - a +0 war axe (weapon)
Armour
 b - a +0 scale mail (worn)
 c - a +0 shield
 k - a +0 large shield (worn)
Jewellery
 i - an uncursed amulet of the gourmand
 j - an amulet of guardian spirit (around neck)
Scrolls
 g - a scroll of teleportation {unknown}
 m - 2 scrolls of identify {unknown}
Potions
 d - a potion of might
 e - a potion of invisibility {unknown}
 l - 2 potions of resistance {unknown}
 o - a potion of haste {unknown}
Comestibles
 f - 3 bread rations
 h - a fruit
 n - a meat ration


   Skills:
 + Level 3.9 Fighting
 + Level 2.6 Axes
 + Level 3.6 Armour
 * Level 1.3 Dodging
 * Level 2.0 Stealth
 + Level 4.2 Shields


You had 4 spell levels left.
You didn't know any spells.

Dungeon Overview and Level Annotations

Branches:
Dungeon (2/15)

Altars:
Dithmenos
Fedhas
The Shining One


Innate Abilities, Weirdness & Mutations

You cannot be hasted, slowed, berserked, paralysed or teleported.
You can dig through walls and to a lower floor.
Your four strong arms can wield two-handed weapons with a shield.
You have a pair of large antennae on your head. (SInv)


Message History

You are too injured to fight recklessly!
You are too injured to fight recklessly!
You are too injured to fight recklessly!
You slash the gnoll!
You kill the gnoll!
Your Stealth skill increases to level 2!
You have reached level 5!
The gnoll hits you but does no damage.
Your shield and scale mail prevent you from hitting the gnoll.
The gnoll hits you with a vampiric whip.
You hit the gnoll.
The gnoll is moderately wounded.
The gnoll hits you with a vampiric whip.
The gnoll hits you with a vampiric whip!
* * * LOW HITPOINT WARNING * * *
The gnoll draws strength from your wounds!
You slash the gnoll!
The gnoll is severely wounded.
The gnoll hits you with a vampiric whip!
You die...

......## { ......
.....# ..... #...
#..# #.K#
##############..#
#........@gK....#
####.##########.#
#.....#.. ...
##...##.#### .###
#....#.#.. ..
#....#.#.####.##
#......#.#.....
#....#....#.#.#
#....#.#..#.#.#


You could see a gnoll and a kobold.

Vanquished Creatures
  An adder (D:2)
  4 gnolls
  4 dart slugs
  3 leopard geckos (D:1)
  2 giant cockroaches (D:1)
  3 goblins
  6 hobgoblins (D:1)
  2 jackals (D:1)
  7 kobolds
  2 bats (D:1)
  5 frilled lizards
  4 rats (D:1)
43 creatures vanquished.

Notes
Turn   | Place    | Note
-------+----------+-------------------------------------------
     0 | D:1      | slumpy the Formicid Fighter began the quest for the Orb.
     0 | D:1      | Reached XP level 1. HP: 18/18 MP: 1/1
    21 | D:1      | Reached XP level 2. HP: 12/24 MP: 2/2
   260 | D:1      | Reached XP level 3. HP: 29/29 MP: 3/3
   310 | D:1      | Reached skill level 1 in Stealth
   653 | D:1      | Reached skill level 4 in Shields
   705 | D:1      | Reached XP level 4. HP: 36/37 MP: 1/4
   707 | D:1      | Reached skill level 1 in Dodging
  1404 | D:2      | Found a shadowy altar of Dithmenos.
  1405 | D:2      | Found a glowing golden altar of the Shining One.
  1406 | D:2      | Found a blossoming altar of Fedhas.
  1568 | D:2      | Reached XP level 5. HP: 21/42 MP: 3/5
  1571 | D:2      | Slain by a gnoll

Vault maps used:
D:1:      minmay_arrival_checkered_box, serial_bayou_pond_d, fountainhead
D:2:      grunt_temple_overflow_open

Skill      XL: |  1  2  3  4 |
---------------+-------------+-----
Stealth        | 1 2 |  2.0
Shields        | 4 |  4.2
Dodging        | 1 |  1.3
Fighting       | |  3.9
Axes           | |  2.6
Armour         | |  3.6

Action                   |  1- 3 |  4- 6 || total
-------------------------+-------+-------++-------
Melee: War axe           |    93 |    48 ||   141
  Eat: Chunk             |       |     1 ||     1
Armor: Scale mail        |    26 |    11 ||    37
Dodge: Dodged            |    48 |    13 ||    61
Block: Shield            |    53 |       ||    53
       Large shield      |       |    37 ||    37
